 Dungeon Crawl Stone Soup version 0.29.1-14-g9c671dbff4 (webtiles) character file.

Game seed: 8715987478065711477

7 Heoruswealwe the Vexing (level 1, -1/10 HPs)
             Began as a Deep Elf Enchanter on Feb 13, 2023.
             Frozen to death by an endoplasm (4 damage)
             ... on level 1 of the Dungeon.
             The game lasted 00:06:07 (287 turns).

Heoruswealwe the Vexing (Deep Elf Enchanter)         Turns: 287, Time: 00:06:07

Health: -1/10      AC:  2    Str:  5    XL:     1   Next: 83%
Magic:  6/6        EV: 12    Int: 19    God:
Gold:   40         SH:  0    Dex: 15    Spells: 6/6 levels left

rFire   . . .      SeeInvis .   a - +1 dagger
rCold   . . .      Faith    .   (no shield)
rNeg    . . .      Spirit   .   b - +0 robe
rPois   .          Reflect  .   (no helmet)
rElec   .          Harm     .   (no cloak)
rCorr   .          Rampage  .   (no gloves)
Will    .....                   (no boots)
Stlth   ++........              (no amulet)
HPRegen 0.03/turn               (no ring)
MPRegen 0.10/turn               (no ring)

@: no status effects
A: no striking features
a: no special abilities


You were on level 1 of the Dungeon.
You visited 1 branch of the dungeon, and saw 1 of its levels.

You collected 40 gold pieces.

Inventory:

Hand Weapons
 a - a +1 dagger (weapon)
 i - a +0 short sword
 k - a +0 quarterstaff
 l - a +0 war axe
Armour
 b - a +0 robe (worn)
 d - a +0 ring mail
 g - a +0 robe
 h - a +0 ring mail
Jewellery
 f - a ring of ice
Scrolls
 e - a scroll of magic mapping {unknown}
Potions
 c - 2 potions of invisibility
 j - a potion of lignification {unknown}


   Skills:
 + Level 0.0 Fighting
 - Level 1.0 Short Blades
 + Level 0.2(0.5) Long Blades
 + Level 2.4 Dodging
 + Level 3.6 Stealth
 * Level 3.0 Spellcasting
 + Level 0.0 Conjurations
 * Level 4.0 Hexes
 + Level 0.0 Summonings
 + Level 0.1 Necromancy
 + Level 0.0 Translocations
 + Level 0.3 Transmutations
 + Level 0.0 Fire Magic
 + Level 0.0 Ice Magic
 + Level 0.0 Air Magic
 + Level 0.0 Earth Magic
 + Level 0.0 Poison Magic
 + Level 0.0 Invocations
 + Level 0.0 Evocations


You had 6 spell levels left.
You didn't know any spells.
Your spell library contained the following spells:

 Spells                   Type           Power      Damage    Failure   Level
 Confusing Touch          Hex            18%        N/A       9%          3
 Tukima's Dance           Hex            18%        N/A       9%          3
 Ensorcelled Hibernation  Hex/Ice        20%        N/A       10%         2
 Dazzling Flash           Conj/Hex       20%        N/A       19%         3


Dungeon Overview and Level Annotations

Branches:
Dungeon (1/15)

Altars:
Jiyva

Shops:
D:1 !


Message History

The kobold is severely wounded.
You hit the kobold.
You kill the kobold!
A frilled lizard comes into view.
You see here a +0 short sword.
i - a +0 short sword A bat comes into view.
The bat closely misses you.
You barely miss the bat. The bat closely misses you.
You hit the bat.
The bat is severely wounded.
The bat misses you.
You barely miss the bat.
The bat is severely wounded.
The bat hits you.
You hit the bat but do no damage.
The bat is severely wounded.
The bat closely misses you.
You hit the bat.
You kill the bat!
You see here a bat corpse.
You hit the frilled lizard.
You kill the frilled lizard!
j - a fuming yellow potion You see here a +0 quarterstaff.
k - a +0 quarterstaff You see here a +0 war axe.
l - a +0 war axe An endoplasm comes into view.
The endoplasm moves out of view.
The endoplasm quivers.
You hit the endoplasm but do no damage.
The endoplasm hits you but does no damage.
You hit the endoplasm but do no damage. The endoplasm hits you.
* * * LOW HITPOINT WARNING * * *
You hit the endoplasm.
The endoplasm is heavily wounded.
The endoplasm freezes you.
You are frozen.
You die...

.....#.#
.###.# .# .#
#.# .## . .#
#.# ..##..
.###.#####..
#.....
##.........#
....#
##.#.#######
##...
...#..###
#.J#
.####...##
#@# ##
###..## ##.#
# ##..#
##..# # ##.#
#..## # #.#
#.## # #.#
#.# # #.#
#.# #
##.####.# #
#.†...#.#


You could see an endoplasm.

Vanquished Creatures
  A bat (D:1)
  2 hobgoblins (D:1)
  A quokka (D:1)
  A frilled lizard (D:1)
  A kobold (D:1)
6 creatures vanquished.

Notes
Turn   | Place    | Note
-------+----------+-------------------------------------------
     0 | D:1      | Heoruswealwe the Deep Elf Enchanter began the quest for the
                  | Orb.
     0 | D:1      | Reached XP level 1. HP: 10/10 MP: 6/6
    95 | D:1      | Found Keeliun's Distillery.
   156 | D:1      | Found a faded altar of an unknown god.
   171 | D:1      | Prayed at the altar of an unknown god.
   171 | D:1      | Became a worshipper of Jiyva Jajozxi the Shapeless
   171 | D:1      | Reached * piety under Jiyva
   173 | D:1      | Fell from the grace of Jiyva
   287 | D:1      | Frozen to death by an endoplasm

Illustrated notes

Levels and vault maps discovered:
D:1:      minmay_arrival_loop, layout_rooms, basic_ecumenical_altar,
          serial_shops, shop, st_stairs_9, hangedman_feature_mirror

Action                   || total
-------------------------++-------
Melee: Dagger            ||    35
       Punch             ||     1
Invok: Renounce Religion ||     1
 Stab: Sleeping          ||     1
Armor: Robe              ||     1
Dodge: Dodged            ||    19
